 Dungeon Crawl Stone Soup version 0.30-a0-715-gdb4ae3ece1 (webtiles) character file.

Game seed: 3047577060806319925

58 qeuew the Trooper (level 3, 0/29 HPs)
             Began as a Demonspawn Chaos Knight on Jan 23, 2023.
             Was a Plaything of Xom.
             Slain by a guardian serpent (shapeshifter) (8 damage)
             ... on level 3 of the Dungeon.
             The game lasted 00:02:15 (1686 turns).

qeuew the Trooper (Demonspawn Chaos Knight)         Turns: 1686, Time: 00:02:15

Health: 0/29       AC:  5    Str: 14    XL:     3   Next: 76%
Magic:  3/3        EV: 11    Int: 13    God:    Xom [..*...]
Gold:   46         SH:  0    Dex: 12    Spells: 2/2 levels left

rFire   . . .      SeeInvis .    a - +0 mace (chaos)
rCold   + + .      Faith    .    (no shield)
rNeg    . . .      Spirit   .    b - +2 leather armour
rPois   .          Reflect  .    (helmet restricted)
rElec   .          Harm     .    (no cloak)
rCorr   .          Rampage  .    (no gloves)
Will    .....                    (no boots)
Stlth   +                        (no amulet)
HPRegen 0.24/turn                (no ring)
MPRegen 0.08/turn                (no ring)

@: about to teleport
A: horns 1, foul stench 1, cold resistance 2
a: Renounce Religion


You were on level 3 of the Dungeon.
You worshipped Xom.
You were a toy of Xom.
You visited 1 branch of the dungeon, and saw 3 of its levels.

You collected 46 gold pieces.

Inventory:

Hand Weapons
 a - a +0 mace of chaos (weapon)
Armour
 b - a +2 leather armour (worn)
Scrolls
 f - a scroll of identify
Miscellaneous
 c - a piece from Xom's chessboard (13/15) (quivered)


   Skills:
 + Level 3.4 Fighting
 + Level 3.1 Maces & Flails
 + Level 2.2 Armour
 + Level 1.6 Dodging
 + Level 1.2 Evocations


You had 2 spell levels left.
You didn't know any spells.
Your spell library contained the following spells:

 Spells                   Type           Power      Damage    Failure   Level
 Necrotise                Necr           0%         1d4       36%         1
 Slow                     Hex            0%         N/A       36%         1
 Confusing Touch          Hex            0%         N/A       75%         3
 Vampiric Draining        Necr           0%         2d6       75%         3
 Agony                    Necr           0%         N/A       100%        5


Dungeon Overview and Level Annotations

Branches:
Dungeon (3/15)

Altars:

Shops:
D:2 [


Innate Abilities, Weirdness & Mutations

You have a pair of small horns on your head.
You may rarely emit foul miasma when damaged in melee.
Your flesh is very cold resistant. (rC++)


Message History

You are too injured to fight recklessly!
You are too injured to fight recklessly!
You are too injured to fight recklessly!
You are too injured to fight recklessly!
You are too injured to fight recklessly!
You are too injured to fight recklessly!
You are too injured to fight recklessly!
You hit the komodo dragon but do no damage.
The komodo dragon appears confused.
You headbutt the komodo dragon, but do no damage.
The komodo dragon bites you.
* * * LOW HITPOINT WARNING * * *
You catch the helpless komodo dragon completely off-guard!
You hit the komodo dragon but do no damage.
The komodo dragon misses you.
You catch the helpless komodo dragon completely off-guard!
You hit the komodo dragon.
The komodo dragon is lightly wounded.
The komodo dragon bites you!
You die... "That's my toy, go get your own!"
Xom revives you!
Unknown command.
Unknown command.
Unknown command.
Unknown command.
Non-targeted evoke: piece from Xom's chessboard (15/15)
Press: ? - help, Q - select action Dir - look around, f - activate You make a move on Xom's chessboard...
The komodo dragon easily resists.
The komodo dragon closely misses you.
Non-targeted evoke: piece from Xom's chessboard (14/15)
Press: ? - help, Q - select action Dir - look around, f - activate You make a move on Xom's chessboard...
The komodo dragon easily resists.
The komodo dragon seems less confused.
The komodo dragon changes into a guardian serpent!
Unknown command.
As you read the scroll of teleportation, it crumbles to dust.
You feel strangely unstable. The guardian serpent hits you!
You die...
Xom titters!

######
########...<####
................
......).........
.......@........
########S####?#
........<..#
##............#
#...#...#....#
#.......#..#.#
#.#...... #....
.......... ..##
##.######## .#


You could see a guardian serpent shaped shifter.

Vanquished Creatures
  2 adders (D:2)
  A bat (D:1)
  8 endoplasms
  4 hobgoblins (D:1)
  5 kobolds
  4 ball pythons
  2 frilled lizards
  7 goblins
  2 rats
35 creatures vanquished.

Notes
Turn   | Place    | Note
-------+----------+-------------------------------------------
     0 | D:1      | qeuew the Demonspawn Chaos Knight began the quest for the
                  | Orb.
     0 | D:1      | Reached XP level 1. HP: 18/18 MP: 1/1
    20 | D:1      | XOM: silly message
   123 | D:1      | Reached skill level 1 in Dodging
   199 | D:1      | Gained mutation: You may rarely emit foul miasma when
                  | damaged in melee. [demonic ancestry]
   199 | D:1      | Reached XP level 2. HP: 18/24 MP: 2/2
   429 | D:1      | XOM: 4-stop teleportation journey
   932 | D:1      | XOM: give mutations
   932 | D:1      | Gained mutation: Your flesh is cold resistant. (rC+) [Xom's
                  | grace]
   932 | D:1      | Gained mutation: Your mind is acute. (Int +4, Str/Dex -1)
                  | [Xom's grace]
   932 | D:1      | Gained mutation: You have supernaturally acute eyesight.
                  | (SInv) [Xom's grace]
  1051 | D:2      | Reached skill level 1 in Evocations
  1051 | D:2      | Gained mutation: You have a pair of small horns on your
                  | head. [demonic ancestry]
  1051 | D:2      | Reached XP level 3. HP: 8/29 MP: 3/3
  1153 | D:2      | XOM: divination: detect items
  1154 | D:2      | XOM: silly message
  1248 | D:2      | Found Jeem's Armour Shop.
  1669 | D:2      | Lost mutation: Your mind is acute. (Int +4, Str/Dex -1)
                  | [potion of mutation]
  1669 | D:2      | Lost mutation: You have supernaturally acute eyesight.
                  | (SInv) [potion of mutation]
  1669 | D:2      | Gained mutation: Your flesh is very cold resistant. (rC++)
                  | [potion of mutation]
  1679 | D:3      | an iguana changed into a shapeshifter
  1679 | D:3      | Noticed a shapeshifter (shapeshifter)
  1679 | D:3      | a shapeshifter changed into a komodo dragon
  1679 | D:3      | Noticed a komodo dragon (shapeshifter)
  1683 | D:3      | Xom revived you
  1685 | D:3      | a komodo dragon changed into a guardian serpent
  1685 | D:3      | Noticed a guardian serpent (shapeshifter)
  1686 | D:3      | Slain by a guardian serpent (shapeshifter)

Illustrated notes

Levels and vault maps discovered:
D:1:      heliophobic_arrival_glass_houses, layout_loops_ring,
          kennysheep_nondescript
D:2:      layout_loops_cross, serial_shops, shop, lightli_corner_chamber
D:3:      layout_basic, marbit_many_paths

Skill      XL: |  1  2 |
---------------+-------+-----
Dodging        | 1 |  1.6
Armour         | 2 |  2.2
Maces & Flails | 3 |  3.1
Evocations     | 1 |  1.2
Fighting       | |  3.4

Action                     || total
---------------------------++-------
  Melee: Mace              ||   108
         Headbutt          ||     7
         Punch             ||     1
  Evoke: Piece from Xom's  ||     2
    Use: Scroll            ||     5
         Potion            ||     2
   Stab: Sleeping          ||     1
         Confused          ||     2
 Armour: Leather armour    ||    39
  Dodge: Dodged            ||    48

Table legend: (Time is in decaauts)
 A = Elapsed time spent in this place.
 B = Non-inter-level travel time spent in this place.
 C = Inter-level travel time spent in this place.
 D = Time resting spent in this place.
 E = Time spent auto-exploring this place.
 F = Levels seen in this place.
 G = Mean time per level.
                   A        B        C        D        E       F      G
               +--------+--------+--------+--------+--------+-----+--------+
         Total |   1712 |   1684 |     28 |     50 |   1380 |   3 |  570.7 |
       Dungeon |   1712 |   1684 |     28 |     50 |   1380 |   3 |  570.7 |
               +--------+--------+--------+--------+--------+-----+--------+

Top non-repeatable levels by time:
     D:1: 1002 daAuts
     D:2: 692 daAuts
     D:3: 17 daAuts
